 Dungeon Crawl Stone Soup version 0.29.0-4-gdea44cf6ec (webtiles) character file.

Game seed: 6382249043582154653

94 qw the Chopper (level 4, -2/26 HPs)
             Began as a Tengu Warper on Aug 28, 2022.
             Slain by a gnoll
             ... wielding a +0 halberd
              (6 damage)
             ... on level 3 of the Dungeon.
             The game lasted 00:00:14 (2410 turns).

qw the Chopper (Tengu Warper)                       Turns: 2410, Time: 00:00:14

Health: -2/26      AC:  8    Str: 14    XL:     4   Next: 63%
Magic:  8/8        EV:  6    Int: 13    God:
Gold:   90         SH:  0    Dex: 13    Spells: 7/7 levels left

rFire   . . .      SeeInvis .   Y - +1 hand axe
rCold   . . .      Faith    .   (no shield)
rNeg    . . .      Spirit   .   m - +0 chain mail
rPois   .          Reflect  .   (helmet restricted)
rElec   .          Harm     .   (no cloak)
rCorr   .          Rampage  .   (no gloves)
Will    .....                   (boots unavailable)
Stlth   ..........              (no amulet)
HPRegen 0.08/turn               g - +4 ring of slaying {mikee}
MPRegen 0.11/turn               (no ring)

@: about to teleport
A: beak, talons 3
a: no special abilities


You were on level 3 of the Dungeon.
You visited 1 branch of the dungeon, and saw 3 of its levels.

You collected 139 gold pieces.
You spent 49 gold pieces at shops.


Innate Abilities, Weirdness & Mutations

You have a beak for a mouth.
You have claws for feet.


   Skills:
 - Level 2.0 Fighting
 + Level 5.2 Axes
 - Level 1.0 Throwing
 - Level 1.1 Armour
 - Level 2.1 Dodging
 - Level 2.0 Spellcasting
 - Level 2.4 Translocations


You had 7 spell levels left.
You didn't know any spells.
Your spell library contained the following spells:

 Spells                   Type           Power      Damage    Failure   Level
 Blink                    Tloc           14%        N/A       99%         2
 Gell's Gravitas          Tloc           7%         N/A       100%        3
 Lesser Beckoning         Tloc           7%         N/A       100%        3
 Teleport Other           Tloc           7%         N/A       100%        3
 Manifold Assault         Tloc           7%         N/A       100%        5

Inventory:

Hand Weapons
 f - a +0 mace
 Y - a +1 hand axe (weapon)
Armour
 d - a +2 kite shield of reflection
 m - a +0 chain mail (worn)
Jewellery
 g - a +4 ring of slaying (left hand) {mikee}
Scrolls
 a - 3 scrolls of identify
 k - a scroll of teleportation
Potions
 b - 2 potions of haste
 c - a potion of curing
 e - 2 potions of lignification {unknown}
 h - a potion of cancellation {unknown}
 j - a potion of degeneration {unknown}
 l - a potion of heal wounds

Dungeon Overview and Level Annotations

Branches:
Dungeon (3/15)

Altars:

Shops:
D:1 *(??


Message History

You kill the hobgoblin!
You start resting.
HP restored.
b - 2 potions of haste (gained 1)
You now have enough gold to buy a scroll of enchant armour on D:1.
You can access your shopping list by pressing '$'.
You now have 90 gold pieces (gained 14). 2 gnolls come into view.
A gnoll is wielding a +0 vorpal flail.
The gnoll shouts!
You see here a scroll of identify.
Enter note: A gnoll and a giant cockroach come into view.
The gnoll shouts!
The giant cockroach moves out of view.
The gnoll hits you from afar with a +0 halberd!
An endoplasm comes into view.
You barely miss the giant cockroach. You claw the giant cockroach.
The giant cockroach is almost dead.
The giant cockroach bites you but does no damage.
The gnoll hits you but does no damage.
You slash the giant cockroach!
You kill the giant cockroach!
The gnoll hits you from afar with a +0 halberd.
You barely miss the gnoll. You claw the gnoll.
The gnoll is moderately wounded.
The gnoll hits you but does no damage.
You hit the gnoll. You claw the gnoll.
The gnoll is almost dead.
The gnoll hits you with a +0 vorpal flail.
The gnoll hits you but does no damage.
The gnoll hits you from afar with a +0 spear.
You hit the gnoll.
You kill the gnoll!
The gnoll hits you from afar with a +0 halberd.
The gnoll hits you from afar with a +0 spear.
2410 ||| READING 2 scrolls of teleportation.
As you read the scroll of teleportation, it crumbles to dust.
You feel strangely unstable.
The gnoll hits you from afar with a +0 halberd.
You die...

.............#
.............#
.............###########
......######.##.........
.....###..##.##.........
....###......##.........
....##...#...##...gJ....
....#....##..##.)%g.....
#...#..##.##.##.@#
....##..##.#.#..##
#...##...###.#?.#
#.)..%....!..#.##
############.#.# #...#
##..# #...# #...#


You could see 2 gnolls and an endoplasm.

Vanquished Creatures
  A gnoll (D:3)
  4 adders
  2 worms (D:2)
  4 ball pythons
  7 endoplasms
  3 giant cockroaches
  2 hobgoblins
  3 jackals (D:2)
  2 quokkas
  4 bats
  3 frilled lizards
  2 goblins
  4 kobolds
  A rat (D:2)
42 creatures vanquished.

Notes
Turn   | Place    | Note
-------+----------+-------------------------------------------
     0 | D:1      | qw the Tengu Warper began the quest for the Orb.
     0 | D:1      | Reached XP level 1. HP: 12/12 MP: 4/4
     0 | D:1      | 0 ||| qw: Version: 0.1-a-89-g26bdef1
     0 | D:1      | 0 ||| qw: Game counter: 403
     0 | D:1      | 0 ||| qw: Always use a shield: true
     0 | D:1      | 0 ||| qw: God list: Okawaru
     0 | D:1      | 0 ||| qw: Allow faded altars: false
     0 | D:1      | 0 ||| qw: Do Orc after D:15 true
     0 | D:1      | 0 ||| qw: Do second Lair branch before Depths: true
     0 | D:1      | 0 ||| qw: Lair rune preference: random
     0 | D:1      | 0 ||| qw: Plans: Normal
     0 | D:1      | 0 ||| PLANNING D:1-11
    40 | D:1      | Found a faded altar of an unknown god.
    43 | D:1      | 43 ||| Stepping ~*~*~tactically~*~*~ (stealth).
   216 | D:1      | Found Fiabeicu's Weapon Boutique.
   229 | D:1      | 229 ||| SHOPLISTING +1 vorpal war axe (170 gold, have 9).
   271 | D:1      | Reached XP level 2. HP: 12/17 MP: 6/6
   457 | D:1      | Reached skill level 3 in Axes
   929 | D:1      | Found Atoful's General Store.
   937 | D:1      | 937 ||| BUYING +0 chain mail (49 gold).
   937 | D:1      | Bought a +0 chain mail for 49 gold pieces
   937 | D:1      | 937 ||| SHOPLISTING scroll of enchant armour (82 gold, have
                  | 10).
   937 | D:1      | 937 ||| SHOPLISTING scroll of identify (22 gold, have 10).
   995 | D:1      | Found Toemmof's Magic Scroll Emporium.
  1004 | D:1      | 1004 ||| SHOPLISTING scroll of identify (20 gold, have 10).
  1004 | D:1      | 1004 ||| SHOPLISTING scroll of teleportation (30 gold, have
                  | 10).
  1011 | D:1      | Found Houq's Magic Scroll Shoppe.
  1021 | D:1      | 1021 ||| SHOPLISTING scroll of acquirement (520 gold, have
                  | 10).
  1021 | D:1      | 1021 ||| SHOPLISTING scroll of enchant armour (75 gold,
                  | have 10).
  1021 | D:1      | 1021 ||| SHOPLISTING scroll of identify (20 gold, have 10).
  1021 | D:1      | 1021 ||| SHOPLISTING scroll of teleportation (30 gold, have
                  | 10).
  1172 | D:1      | 1172 ||| UPGRADING to +0 ring mail.
  1182 | D:1      | 1182 ||| DROPPING +0 leather armour.
  1183 | D:1      | 1183 ||| UPGRADING to +0 chain mail.
  1193 | D:1      | 1193 ||| DROPPING +0 ring mail.
  1194 | D:1      | 1194 ||| DROPPING ring of magical power.
  1195 | D:1      | 1195 ||| UPGRADING to +4 ring of slaying {mikee}.
  1196 | D:1      | 1196 ||| READING scroll labelled LAJEPLYITO.
  1197 | D:1      | 1197 ||| READING scroll labelled ASOT IKLOXI.
  1200 | D:1      | 1200 ||| DROPPING scroll of blinking.
  1222 | D:2      | 1222 ||| Stepping ~*~*~tactically~*~*~ (stealth).
  1251 | D:2      | Reached XP level 3. HP: 20/21 MP: 7/7
  1375 | D:2      | Reached skill level 4 in Axes
  1810 | D:2      | Reached XP level 4. HP: 21/26 MP: 8/8
  2026 | D:2      | 2026 ||| READING scroll labelled YRUOPY TERA.
  2165 | D:2      | 2165 ||| READING scroll labelled CYATY SIMMUAWN.
  2166 | D:2      | 2166 ||| DRINKING 2 golden potions.
  2167 | D:2      | 2167 ||| DRINKING 2 fizzy orange potions.
  2168 | D:2      | 2168 ||| READING 4 scrolls of identify.
  2168 | D:2      | 2168 ||| IDENTIFYING black potion
  2169 | D:2      | 2169 ||| READING 3 scrolls of identify.
  2169 | D:2      | 2169 ||| IDENTIFYING glowing golden potion
  2170 | D:2      | 2170 ||| READING 2 scrolls of identify.
  2170 | D:2      | 2170 ||| IDENTIFYING yellow potion
  2171 | D:2      | 2171 ||| DROPPING potion of flight.
  2172 | D:2      | 2172 ||| DROPPING potion of brilliance.
  2208 | D:3      | 2208 ||| STAIRDANCE
  2329 | D:3      | 2329 ||| Stepping ~*~*~tactically~*~*~ (stealth).
  2331 | D:3      | 2331 ||| Stepping ~*~*~tactically~*~*~ (stealth).
  2335 | D:3      | Reached skill level 5 in Axes
  2409 | D:3      | HP: 4/26 [gnoll/+0 spear (5)]
  2410 | D:3      | 2410 ||| READING 2 scrolls of teleportation.
  2410 | D:3      | Slain by a gnoll

Levels and vault maps discovered:
D:1:      dpeg_arrival_renting, layout_loops_ring, serial_shops, shop, shop,
          nicolae_shop_bloodbath_and_beyond, shop,
          chequers_ecumenical_altar_simple, corexii_hall_statues_deadend,
          minmay_misc_feat_more_columns
D:2:      layout_basic, serial_rivers, chequers_serial_rivers_micro_d,
          chequers_serial_rivers_micro_d, chequers_serial_rivers_small_b,
          chequers_serial_rivers_small_b, chequers_serial_rivers_marsh,
          chequers_serial_rivers_marsh, grunt_decor_fettered
D:3:      layout_basic, minmay_misc_feat_iff, grunt_decor_clamped, minmay_cupped

Skill      XL: |  1  2  3  4 |
---------------+-------------+-----
Axes           | 3 4 5 |  5.2
Fighting       | |  2.0
Throwing       | |  1.0
Armour         | |  1.1
Dodging        | |  2.1
Spellcasting   | |  2.0
Translocations | |  2.4

Action                   |  1- 3 |  4- 6 || total
-------------------------+-------+-------++-------
Melee: Hand axe          |    69 |    17 ||    86
       Kick              |    14 |     8 ||    22
       Peck              |     6 |     2 ||     8
       Punch             |     1 |       ||     1
Throw: Boomerang         |     7 |       ||     7
  Use: Scroll            |     2 |     6 ||     8
       Potion            |       |     2 ||     2
Armor: Leather armour    |     7 |       ||     7
       Chain mail        |    13 |     8 ||    21
Dodge: Dodged            |    19 |       ||    19

Table legend:
 A = Non-vault XP
 B = Vault XP
 C = Vault XP percentage of total XP
 D = Non-vault monster count
 E = Vault monster count
 F = Vault count percentage of total count
                 A         B        C        D         E       F
            +---------+---------+-------+---------+---------+-------
      Total |     120 |      15 |  11.1 |      40 |       2 |   4.8
            +---------+---------+-------+---------+---------+-------
        D:1 |      24 |       0 |   0.0 |      15 |       0 |   0.0
        D:2 |      62 |       0 |   0.0 |      19 |       0 |   0.0
        D:3 |      34 |      15 |  30.6 |       6 |       2 |  25.0
            +---------+---------+-------+---------+---------+-------
